 Dungeon Crawl Stone Soup version 0.20.1-1-g8b1a95d (webtiles) character file.

5295 tmwrnj the Cleaver (level 10, -2/90 HPs)
             Began as a Hill Orc Fighter on July 6, 2017.
             Was a Believer of Beogh.
             Slain by a killer bee (4 damage)
             ... on level 10 of the Dungeon.
             The game lasted 00:27:29 (8723 turns).

tmwrnj the Cleaver (Hill Orc Fighter)               Turns: 8723, Time: 00:27:30

Health: -2/90      AC: 15    Str: 21    XL:     10   Next: 63%
Magic:  10/10      EV:  7    Int:  8    God:    Beogh [**....]
Gold:   590        SH: 11    Dex: 12    Spells: 9/9 levels left

rFire    . . .     SeeInvis .   a - +0 war axe
rCold    + . .     Gourm    .   c - +0 shield
rNeg     . . .     Faith    .   q - +0 chain mail
rPois    .         Spirit   .   L - +1 hat
rElec    .         Reflect  .   (no cloak)
rCorr    .         Harm     .   o - +1 pair of gloves
MR       .....                  w - +0 pair of boots
Stlth    ..........             (no amulet)
Regen    0.3/turn               m - ring of ice
MPRegen  0.2/turn               B - ring of protection from fire

@: lethally poisoned (-2 -> -3), about to teleport
A: no striking features
a: Smiting, Renounce Religion


You were on level 10 of the Dungeon.
You worshipped Beogh.
Beogh was pleased with you.
You were not hungry.

You visited 1 branch of the dungeon, and saw 10 of its levels.

You collected 590 gold pieces.

Inventory:

Hand Weapons
 a - a +0 war axe (weapon)
Armour
 b - a +0 helmet
 c - a +0 shield (worn)
 o - a +1 pair of gloves (worn)
 q - a +0 chain mail (worn)
 w - a +0 pair of boots (worn)
 K - a +0 plate armour
 L - a +1 hat (worn)
Jewellery
 m - a ring of ice (left hand)
 B - a ring of protection from fire (right hand)
 M - an uncursed amulet of magic regeneration
Wands
 x - a wand of flame (20/48)
 G - a wand of enslavement (9/24)
 H - a wand of acid (5/15)
 I - a wand of iceblast (4/15)
Scrolls
 e - 7 scrolls of remove curse
 j - 4 scrolls of teleportation
 n - 7 scrolls of identify
 p - 2 scrolls of enchant weapon
 r - 3 scrolls of amnesia
 s - a scroll of immolation {unknown}
 t - a scroll of random uselessness {unknown}
 y - a scroll of magic mapping {unknown}
 C - a scroll of fear {unknown}
 D - a scroll of fog {unknown}
Potions
 d - a potion of heal wounds {unknown}
 g - 2 potions of lignification {unknown}
 h - a potion of magic {unknown}
 i - 2 potions of flight {unknown}
 k - a potion of haste {unknown}
 u - 2 potions of curing
 v - a potion of cancellation {unknown}
 A - a potion of degeneration {unknown}
 F - a potion of brilliance {unknown}
 J - a potion of agility {unknown}
Books
 E - a book of the Warp

   Spells                             Type                      Level
   a - Gell's Gravitas                Translocation                3
   b - Portal Projectile              Hexes/Translocation          3
   c - Force Lance                    Conjuration/Translocation    4
   d - Dispersal                      Translocation                6
   e - Controlled Blink               Translocation                8
   f - Disjunction                    Translocation                8
Comestibles
 f - 5 bread rations
 l - 3 meat rations
 z - 3 royal jellies


   Skills:
 + Level 8.4 Fighting
 + Level 12.9 Axes
 + Level 7.9 Armour
 + Level 2.7 Dodging
 + Level 7.9 Shields


You had 9 spell levels left.
You didn't know any spells.

Dungeon Overview and Level Annotations

Branches:
Dungeon (10/15)            Temple (0/1) D:4            Lair (0/6) D:10
    Orc (0/2) D:9

Altars:
Cheibriados
Dithmenos
Fedhas
Gozag
Hepliaklqana
Okawaru
Qazlal
Trog
Vehumet
Xom
Yredelemnul
Zin


Message History

You block the killer bee's attack. The death yak gores you.
You block the killer bee's attack.
You miss the killer bee. You hit the death yak but do no damage.
You block the killer bee's attack. The death yak gores you!
* * * LOW HITPOINT WARNING * * *
The killer bee barely misses you.
You barely miss the killer bee. You hit the death yak but do no damage.
The killer bee barely misses you. The death yak gores you!!
* * * LOW HITPOINT WARNING * * *
As you read the scroll of teleportation, it crumbles to dust.
You feel strangely unstable.
* * * LOW HITPOINT WARNING * * *
You feel sick.
The killer bee stings you but does no damage. x2
The death yak gores you but does no damage.
You slash the killer bee!
The killer bee is moderately wounded.
You slash the death yak! You block the killer bee's attack.
The killer bee stings you.
You die...

# #...####...# #.#
#.##..# #...# # #...#
#...# #.# #.##..#
#...# # #...# #...#
#.# #.##..# #...# #
#...# #...# #.#
#.##..# #...# # #...#
#...# #.# #.##..#
#...# .##...# #...#
#W# #.##..# #...# ..
#...# #Y# #.##..#
#...# ### #...# #Y#
#.##..# #...# #.
#...# #@# #.##..#
#...## #.. #...#
#y###.##<.# #....†
###...####...#
#y....##..# #.....
y......).....#
#..#..##..# #..###
......#####..#
#..#..##..# #..#
..... #..#
#..#..##..# #..# y##.
#..# #..#......###..#
# #..#
#<.#...........#
#..###..#..###..###.#


You could see 2 death yaks, a phantom and 2 killer bees.

Vanquished Creatures
  Pikel (D:8)
  Joseph (D:8)
  2 trolls
  Sigmund (D:3)
  A wraith (D:10)
  2 hungry ghosts
  Menkaure (D:6)
  An acid dragon (D:10)
  An ice beast (D:7)
  A slave (D:7)
  3 orc warriors
  3 phantoms
  2 necrophages
  3 sky beasts
  3 ogres
  An eye of draining (D:10)
  2 centaurs
  A bullfrog (D:7)
  A wyvern zombie (D:10)
  A water moccasin skeleton (D:6)
  A wyvern skeleton (D:8)
  2 scorpions
  3 killer bees (D:10)
  3 wights (D:6)
  2 howler monkeys (D:4)
  2 crimson imps
  5 hounds
  A jelly (D:8)
  2 bullfrog skeletons
  2 centaur skeletons
  2 orc priests (D:6)
  6 orc wizards
  3 iguanas
  8 worker ants
  2 killer bee zombies
  A hound skeleton (D:10)
  A worker ant zombie (D:7)
  A howler monkey zombie (D:7)
  3 gnolls (D:4)
  11 adders
  2 shadow imps
  An ooze (D:3)
  2 adder skeletons
  A worm (D:4)
  2 dart slugs (D:1)
  20 orcs
  2 giant cockroaches
  7 goblins
  3 hobgoblins
  6 jackals (D:3)
  3 quokkas
  2 ball pythons
  A ball python skeleton (D:5)
  7 bats
  4 frilled lizards
  5 kobolds
  A quokka skeleton (D:6)
  A quokka zombie (D:6)
  8 rats
171 creatures vanquished.

Vanquished Creatures (others)
  2 slaves (D:8)
  An ogre (D:4)
  A phantom (D:8)
  An orc priest (D:4)
  A jelly (D:8)
  A leopard gecko (D:8)
  An orc (D:4)
8 creatures vanquished.

Grand Total: 179 creatures vanquished

Notes
Turn   | Place    | Note
-------+----------+-------------------------------------------
     0 | D:1      | tmwrnj the Hill Orc Fighter began the quest for the Orb.
     0 | D:1      | Reached XP level 1. HP: 19/19 MP: 1/1
   131 | D:1      | Reached XP level 2. HP: 24/27 MP: 2/2
   599 | D:2      | Reached skill level 3 in Axes
   652 | D:2      | Reached XP level 3. HP: 33/33 MP: 3/3
  1198 | D:2      | Reached XP level 4. HP: 40/40 MP: 4/4
  1383 | D:3      | Found a stormy altar of Qazlal.
  1385 | D:3      | Found a blossoming altar of Fedhas.
  1644 | D:3      | Noticed Sigmund
  1684 | D:4      | Reached skill level 4 in Axes
  1687 | D:4      | Became a worshipper of Beogh the Brigand
  1689 | D:4      | Noticed a phantom
  1695 | D:4      | Reached XP level 5. HP: 33/47 MP: 5/5
  1757 | D:4      | Killed a phantom
  1757 | D:4      | Reached skill level 5 in Axes
  1757 | D:4      | Reached XP level 6. HP: 24/53 MP: 6/6
  2077 | D:4      | Found a glowing silver altar of Zin.
  2077 | D:4      | Noticed an angel
  2080 | D:4      | Found a shimmering altar of Xom.
  2098 | D:5      | Entered Level 5 of the Dungeon
  2512 | D:5      | Found a radiant altar of Vehumet.
  2744 | D:6      | Reached skill level 1 in Dodging
  2744 | D:6      | Reached skill level 5 in Shields
  2753 | D:6      | Noticed an orc warrior
  2775 | D:7      | Noticed a necrophage
  2776 | D:7      | Noticed an ice beast
  2787 | D:7      | Noticed a phantom
  2826 | D:7      | Noticed an orc warrior
  2863 | D:8      | Noticed Pikel
  2863 | D:8      | Noticed a slave
  2863 | D:8      | Noticed a slave
  2863 | D:8      | Noticed a slave
  2869 | D:8      | Noticed a slave
  2875 | D:7      | Killed a slave
  2996 | D:7      | Noticed a sky beast
  3009 | D:7      | Killed a sky beast
  3009 | D:7      | Reached skill level 5 in Fighting
  3009 | D:7      | Reached skill level 6 in Axes
  3009 | D:7      | Reached XP level 7. HP: 46/61 MP: 7/7
  3132 | D:7      | Noticed a hungry ghost
  3158 | D:7      | Killed a hungry ghost
  3205 | D:7      | Reached skill level 7 in Axes
  3205 | D:7      | Reached skill level 5 in Armour
  3255 | D:7      | Reached XP level 8. HP: 70/70 MP: 8/8
  3292 | D:7      | Found a snail-covered altar of Cheibriados.
  3292 | D:7      | Found a shadowy altar of Dithmenos.
  3397 | D:7      | Reached * piety under Beogh
  3652 | D:7      | Reached skill level 8 in Axes
  3683 | D:7      | Noticed a troll
  4119 | D:6      | Reached skill level 9 in Axes
  4333 | D:5      | Noticed a two-headed ogre
  4489 | D:6      | Reached XP level 9. HP: 78/78 MP: 9/9
  4582 | D:6      | Found a basalt altar of Yredelemnul.
  4582 | D:6      | Found an iron altar of Okawaru.
  4730 | D:6      | Found a hazy altar of Hepliaklqana.
  4752 | D:6      | Noticed Menkaure
  4773 | D:6      | Killed Menkaure
  4773 | D:6      | Reached skill level 10 in Axes
  5313 | D:8      | Killed Pikel
  5371 | D:8      | Noticed Joseph
  5392 | D:8      | Killed Joseph
  5392 | D:8      | Reached skill level 11 in Axes
  6143 | D:4      | Reached XP level 10. HP: 86/88 MP: 10/10
  6315 | D:4      | Found a staircase to the Ecumenical Temple.
  6509 | D:4      | Found an opulent altar of Gozag.
  6687 | D:3      | Killed Sigmund
  6687 | D:3      | Reached skill level 12 in Axes
  7549 | D:9      | Found a staircase to the Orcish Mines.
  7572 | D:9      | Noticed a two-headed ogre
  7574 | D:10     | Entered Level 10 of the Dungeon
  8211 | D:10     | Reached ** piety under Beogh
  8238 | D:10     | Found a bloodstained altar of Trog.
  8653 | D:10     | Found a staircase to the Lair.
  8672 | D:10     | Noticed a death yak
  8672 | D:10     | Noticed a death yak
  8672 | D:10     | Noticed a death yak
  8721 | D:10     | HP: 2/90 [death yak (18)]
  8723 | D:10     | Slain by a killer bee

Skill      XL: |  1  2  3  4  5  6  7  8  9 10 |
---------------+-------------------------------+-----
Axes           | 3 4 5 6 7 9 11 12 | 12.9
Fighting       | 4 5 6 7 8 |  8.4
Shields        | 4 5 6 7 |  7.9
Armour         | 4 5 7 |  7.9
Dodging        | 1 2 |  2.7

Action                   |  1- 3 |  4- 6 |  7- 9 | 10-12 || total
-------------------------+-------+-------+-------+-------++-------
Melee: War axe           |   126 |   182 |   325 |   244 ||   877
Invok: Convert to Beogh  |       |     1 |       |       ||     1
  Use: Scroll            |       |     1 |       |     4 ||     5
       Potion            |       |       |     2 |       ||     2
  Eat: Chunk             |     1 |     4 |     9 |     7 ||    21
       Meat ration       |       |     1 |     2 |       ||     3
       Fruit             |       |       |       |     2 ||     2
Armor: Scale mail        |    49 |       |       |       ||    49
       Chain mail        |    31 |   150 |   157 |    90 ||   428
Dodge: Dodged            |    40 |    59 |    52 |    61 ||   212
Block: Shield            |    80 |   117 |   165 |   105 ||   467
